 Dungeon Crawl Stone Soup version 0.22-a0-392-g5dc3fd9 (webtiles) character file.

338 4thArraOfDagon the Firebug (level 6, -2/41 HPs)
             Began as a Demonspawn Fire Elementalist on May 2, 2018.
             Was an Elder of Cheibriados.
             Slain by Sigmund
             ... wielding a +0 scythe
              (9 damage)
             ... on level 4 of the Dungeon.
             The game lasted 00:07:50 (2680 turns).

4thArraOfDagon the Firebug (DsFE)                   Turns: 2680, Time: 00:07:51

Health: -2/41      AC:  3    Str: 18    XL:     6   Next: 29%
Magic:  10/10      EV: 12    Int: 30    God:    Cheibriados [****..]
Gold:   92         SH:  0    Dex: 24    Spells: 3/11 levels left

rFire    . . .     SeeInvis .   l - +3 spear
rCold    . . .     Gourm    .   (no shield)
rNeg     . . .     Faith    .   a - +1 robe
rPois    .         Spirit   .   (helmet restricted)
rElec    .         Reflect  .   (no cloak)
rCorr    .         Harm     .   (no gloves)
MR       .....                  (no boots)
Stlth    ++........             (no amulet)
HPRegen  0.13/turn              n - +2 ring of intelligence
MPRegen  0.12/turn              (no ring)

@: drained, very slow
A: horns 2, powered by death 1
a: Bend Time, Temporal Distortion, Slouch, Renounce Religion


You were on level 4 of the Dungeon.
You worshipped Cheibriados.
Cheibriados was greatly pleased with you.
You were not hungry.

You visited 1 branch of the dungeon, and saw 4 of its levels.
You also visited: Sewer.

You collected 92 gold pieces.

Inventory:

Hand Weapons
 l - a +3 spear (weapon)
Armour
 a - a +1 robe (worn)
Magical Staves
 q - an uncursed staff of death
Jewellery
 n - a +2 ring of intelligence (left hand)
Wands
 b - a wand of flame (15)
Scrolls
 e - a scroll of blinking {unknown}
 f - a scroll of amnesia
 o - a scroll of remove curse
Potions
 d - 2 potions of brilliance
 g - a potion of agility {unknown}
 h - 11 potions of curing
 i - a potion of invisibility
 j - 2 potions of might {unknown}
 k - 9 potions of heal wounds
 m - a potion of resistance {unknown}
Comestibles
 c - 6 rations


   Skills:
 + Level 0.0 Fighting
 + Level 1.7(1.2) Dodging
 - Level 1.7(1.2) Stealth
 + Level 3.2(2.6) Spellcasting
 * Level 4.0(3.4) Conjurations
 * Level 4.6(3.9) Fire Magic


You had 3 spell levels left.
You knew the following spells:

 Your Spells              Type           Power        Failure   Level  Hunger
a - Flame Tongue          Conj/Fire      ####.        1%          1    None
b - Conjure Flame         Conj/Fire      ####....     4%          3    ###....
c - Sticky Flame          Conj/Fire      ####....     16%         4    ####...


Dungeon Overview and Level Annotations

Branches:
Dungeon (4/15)             Temple (0/1) D:4

Altars:
Ashenzari
Cheibriados
Qazlal

Annotations:
D:4 Sigmund


Innate Abilities, Weirdness & Mutations

You have a pair of horns on your head.
You regenerate a little health from kills.


Message History

Unknown command.
Sigmund casts a spell.
Sigmund flickers and vanishes!
Deactivating autopickup; reactivate with Ctrl-A.
You are confused.
Unknown command.
You bump into the rock wall.
Something tries to affect you, but you resist.
Unknown command.
A puff of flame appears from out of thin air!
The puff of flame hits you!
Unknown command.
A magic dart appears from out of thin air!
The magic dart hits you!
You feel less confused. Something hits you! Something hits you!
* * * LOW HITPOINT WARNING * * *
Something hits you!
You die...

#.#...#
..........##.#...#
#.........##.#....
#.........##.#...#
#.........##.#####
#.........##.# ##
####.........##.# #.
#....>.......##.# #.
###...@........##.#
#.
...................#
#.
####.$...###########
#. #.....# #.
#.....# #. #######
#. ##


There were no monsters in sight!

Vanquished Creatures
  A bullfrog skeleton (D:4)
  A centaur skeleton (D:4)
  3 gnolls (D:4)
  6 adders
  9 river rats (Sewer)
  An ooze (D:1)
  2 leopard geckos
  7 orcs
  5 giant cockroaches
  7 hobgoblins
  7 jackals
  20 kobolds
  3 quokkas
  8 ball pythons
  9 bats
  3 frilled lizards
  8 goblins
  17 rats
117 creatures vanquished.

Notes
Turn   | Place    | Note
-------+----------+-------------------------------------------
     0 | D:1      | 4thArraOfDagon the Demonspawn Fire Elementalist began the quest for the Orb.
     0 | D:1      | Reached XP level 1. HP: 13/13 MP: 3/3
   214 | D:2      | Gained mutation: You have a pair of small horns on your head. [demonic ancestry]
   214 | D:2      | Reached XP level 2. HP: 12/19 MP: 1/5
   217 | D:2      | Found a snail-covered altar of Cheibriados.
   242 | D:2      | Became a worshipper of Cheibriados the Contemplative
  1003 | D:2      | Reached XP level 3. HP: 23/24 MP: 6/6
  1051 | D:2      | Reached * piety under Cheibriados
  1408 | D:3      | Found a shattered altar of Ashenzari.
  1432 | D:3      | Learned a level 3 spell: Conjure Flame
  1499 | D:3      | Reached ** piety under Cheibriados
  1510 | D:3      | Gained mutation: You have a pair of horns on your head. [demonic ancestry]
  1510 | D:3      | Reached XP level 4. HP: 20/30 MP: 7/7
  1522 | D:3      | Found a glowing drain.
  1563 | Sewer    | Entered a sewer
  1598 | Sewer    | Learned a level 4 spell: Sticky Flame
  1629 | Sewer    | Gained mutation: You regenerate a little health from kills. [demonic ancestry]
  1629 | Sewer    | Reached XP level 5. HP: 24/35 MP: 1/9
  1631 | Sewer    | Reached *** piety under Cheibriados
  1801 | Sewer    | Reached **** piety under Cheibriados
  2387 | D:3      | Found a stormy altar of Qazlal.
  2430 | D:4      | Reached XP level 6. HP: 41/41 MP: 6/10
  2496 | D:4      | Found a staircase to the Ecumenical Temple.
  2672 | D:4      | Noticed Sigmund
  2680 | D:4      | Slain by Sigmund

Vault maps used:
D:1:      minmay_arrival_diagonal_passages
D:2:      overflow_temple_1_default, first_ration, minmay_pentomino_u4
D:3:      marbit_many_paths, cheibrodos_ashenzari_chains, gup_sewer_entry_glass,
          supply_closet_lemuel
D:4:      minmay_wonky_spiral, minmay_temple_entry_large_hall, uniq_sigmund
Sewer:    sewer_minmay_treatment

Skill      XL: |  1  2  3  4  5  6 |
---------------+-------------------+-----
Fire Magic     | 3 4 |  4.6
Conjurations   | 2 3 4 |  4.0
Spellcasting   | 3 |  3.2
Dodging        | |  1.7
Stealth        | |  1.7

Action                   |  1- 3 |  4- 6 || total
-------------------------+-------+-------++-------
Melee: Unarmed           |    40 |       ||    40
       Spear             |    31 |    72 ||   103
       Headbutt          |     3 |     8 ||    11
 Cast: Flame Tongue      |    54 |    35 ||    89
       Sticky Flame      |       |     3 ||     3
       Conjure Flame     |       |     2 ||     2
Evoke: Wand              |     2 |     4 ||     6
  Use: Potion            |     3 |       ||     3
       Scroll            |     9 |       ||     9
 Stab: Sleeping          |     3 |     4 ||     7
  Eat: Chunk             |     2 |     3 ||     5
Armor: Robe              |    20 |    17 ||    37
       Skin              |    10 |       ||    10
Dodge: Dodged            |    50 |    71 ||   121

Table legend:
 A = Spawn XP
 B = Non-spawn XP
 C = Spawn XP percentage of total XP
 D = Spawn monster count
 E = Non-spawn monster count
 F = Spawn count percentage of total count
 G = Total turns spent on level
                    A         B        C        D         E        F      G
               +---------+---------+-------+---------+---------+-------+---------
         Total |       0 |     484 |   0.0 |       0 |     117 |   0.0 |  2680
               +---------+---------+-------+---------+---------+-------+---------
           D:1 |       0 |      23 |   0.0 |       0 |      13 |   0.0 |   656
           D:2 |       0 |      38 |   0.0 |       0 |      21 |   0.0 |   677
           D:3 |       0 |     108 |   0.0 |       0 |      28 |   0.0 |   672
           D:4 |       0 |     135 |   0.0 |       0 |       7 |   0.0 |   260
         Sewer |       0 |     180 |   0.0 |       0 |      48 |   0.0 |   415
               +---------+---------+-------+---------+---------+-------+---------
